Map: Dusty Gorge

Players

Kaya - Winner!

  • Race: Terran Terran
  • League: Diamond
  • Spawn Location: 11:00

rustyisback - Winner!

  • Race: Protoss Protoss
  • Spawn Location: 9:00

Massa

  • Race: Terran Terran
  • League: Gold
  • Spawn Location: 3:00

qqq

  • Race: Zerg Zerg
  • League: Platinum
  • Spawn Location: 5:00

VOD

Have the link to the VOD?

Description

Time

  • Played on: June 9, 2020, 11:53 a.m.
  • Length: 9:16
Show
View Real Time Build Order
Export as new Build Order

Kaya Terran - Winner!

Build Orders:  

Get SALT Encoding   

  12  0:01  SCV  
  13  0:13  SCV  
  14  0:18  Supply Depot  
  14  0:25  SCV  
  15  0:40  SCV, Barracks  
  16  0:47  Refinery  
  16  0:58  SCV  
  17  1:10  Supply Depot  
  17  1:11  SCV  
  18  1:23  SCV  
  19  1:28  Refinery  
  19  1:30  Reaper, Barracks  
  20  1:40  SCV  
  21  1:53  Orbital Command  
  21  2:04  Barracks Reactor  
  21  2:22  Reaper  
  22  2:49  Marine x2  
  24  2:53  Command Center  
  24  2:55  Barracks Tech Lab  
  24  3:07  Marine x2  
  26  3:13  Engineering Bay  
  26  3:14  Factory  
  26  3:15  SCV  
  27  3:41  Marine x2  
  27  3:42  Marauder  
  27  3:44  Terran Infantry Weapons Level 1  
  31  4:03  Supply Depot  
  31  4:05  Supply Depot  
  31  4:12  Marine x2  
  31  4:13  Marauder  
  35  4:18  Factory Reactor  
  35  4:30  Supply Depot  
  33  4:31  Marine x2  
  33  4:37  Stimpack  
  37  4:43  Starport  
  35  4:57  Widow Mine x2  
  35  4:59  Marine  
  40  5:00  Marine  
  40  5:06  SCV  
  42  5:11  Marine  
  43  5:23  Marine x2  
  43  5:27  SCV  
  47  5:29  Orbital Command  
  46  5:38  Marauder  
  46  5:41  SCV  
  49  5:52  Medivac x2  
  49  5:54  Factory Tech Lab  
  53  5:58  Marine  
  53  5:59  Marine  
  55  6:06  Missile Turret  
  55  6:10  Missile Turret  
  55  6:15  SCV x2  
  55  6:18  Marine x2  
  59  6:19  Marine  
  60  6:27  SCV  
  61  6:39  Marine  
  61  6:40  Marine  
  61  6:41  Marauder, Medivac  
  61  6:43  Siege Tank  
  70  6:49  Supply Depot  
  70  6:53  Supply Depot  
  70  7:05  Terran Infantry Armor Level 1  
  70  7:10  Marine x2, Medivac  
  70  7:11  SCV x2, Marauder  
  59  7:30  Marine x2  
  59  7:32  Medivac  
  63  7:37  Siege Tank  
  63  7:39  SCV x2  
  63  7:40  Medivac  
  69  8:25  Marine x3  
  72  8:27  Viking x2, Siege Tank  
Show
View Real Time Build Order
Export as new Build Order

rustyisback Protoss - Winner!

Build Orders: Dark Templar Rush 

Get SALT Encoding   

  12  0:01  Probe  
  13  0:13  Probe  
  14  0:18  Pylon  
  14  0:25  Probe  
  15  0:38  Probe  
  15  0:39  Gateway  
  16  0:45  Assimilator  
  16  0:50  Probe  
  17  1:02  Probe  
  18  1:06  Pylon  
  18  1:14  Probe  
  19  1:29  Cybernetics Core  
  19  1:33  Zealot (Chrono Boost)  
  19  1:38  Gateway  
  21  1:48  Probe  
  21  1:50  Zealot (Chrono Boost)  
  24  2:00  Probe, Assimilator  
  25  2:08  Warp Gate (Chrono Boost)  
  25  2:19  Stalker  
  27  2:29  Pylon  
  27  2:30  Stalker  
  28  2:46  Probe  
  29  2:58  Probe  
  30  3:04  Twilight Council  
  28  3:09  Pylon  
  28  3:12  Pylon  
  28  3:41  Gateway  
  28  3:42  Gateway  
  28  3:53  Dark Shrine  
  28  3:54  Probe  
  27  3:59  Stalker x2  
  31  4:37  Stalker x2  
  35  4:40  Stalker x2  
  39  4:56  Nexus  
  39  5:13  Dark Templar  
  39  5:14  Dark Templar  
  43  5:30  Probe  
  44  5:43  Pylon  
  44  5:56  Pylon  
  44  6:15  Stalker x2  
  44  6:16  Blink (Chrono Boost), Stalker x2  
  52  6:21  Probe x2  
  50  6:36  Probe x2  
  50  6:38  Dark Templar  
  54  6:45  Assimilator  
  54  6:48  Probe x2  
  54  6:50  Assimilator  
  56  7:00  Probe x2  
  58  7:01  Dark Templar  
  58  7:02  Zealot  
  62  7:12  Stalker  
  64  7:28  Stalker x2  
  44  8:20  Stalker x3  
  44  8:21  Stalker  
  50  8:41  Probe x2  
  52  8:52  Pylon  
  52  8:53  Probe (Chrono Boost), Pylon  
  52  8:54  Probe (Chrono Boost)  
  54  8:56  Pylon  
  54  8:57  Dark Templar x2  
  54  8:59  Zealot  
  54  9:00  Zealot  
  64  9:03  Probe x2 (Chrono Boost)  
Show
View Real Time Build Order
Export as new Build Order

Massa Terran 

Build Orders:  

Get SALT Encoding   

  12  0:11  Supply Depot  
  12  0:16  SCV  
  13  0:28  SCV  
  14  0:40  SCV  
  15  0:55  SCV  
  16  1:00  Barracks  
  16  1:07  SCV  
  17  1:19  SCV  
  17  1:20  Refinery  
  18  1:26  Barracks  
  18  1:30  Supply Depot  
  18  1:47  Marine  
  19  2:05  Marine  
  18  2:21  Marine  
  18  2:22  Marine  
  18  2:23  SCV  
  19  2:39  Marine  
  19  2:40  Marine  
  19  2:43  Barracks  
  20  2:57  Marine  
  21  2:58  Marine  
  22  3:13  SCV  
  22  3:15  Marine  
  22  3:16  Marine  
  25  3:25  SCV  
  25  3:32  Marine  
  25  3:35  Marine  
  25  3:37  SCV  
  25  3:38  Factory  
  26  3:50  Marine  
  26  3:53  Orbital Command, Marine  
  28  4:08  Marine  
  29  4:11  Marine, Supply Depot  
  29  4:15  Supply Depot  
  29  4:16  Barracks  
  30  4:22  Supply Depot  
  30  4:29  Marine  
  31  4:45  Marine  
  31  4:46  Marine  
  31  4:47  Factory Tech Lab  
  33  4:56  SCV  
  34  5:03  Marine  
  34  5:04  Marine  
  34  5:06  Factory, Siege Tank  
  39  5:21  Marine  
  39  5:22  SCV, Marine  
  39  5:27  Command Center  
  42  5:34  SCV  
  43  5:39  Marine  
  43  5:40  Marine, Siege Tank  
  48  5:46  SCV  
  48  5:49  Engineering Bay  
  49  5:51  Refinery  
  49  5:53  Marine  
  49  5:57  Marine  
  50  5:58  Factory Tech Lab, Marine  
  52  6:33  Starport  
  52  6:36  Missile Turret  
  52  6:45  Missile Turret  
  52  6:46  SCV x2  
  54  6:57  Missile Turret  
  54  7:05  Missile Turret  
  53  7:17  Missile Turret  
  47  7:25  Missile Turret  
  45  7:40  Starport Tech Lab  
  45  7:48  Orbital Command  
  44  8:00  Factory Tech Lab  
  20  8:33  Barracks  
  20  8:35  Barracks  
  15  8:50  Marine  
Show
View Real Time Build Order
Export as new Build Order

qqq Zerg 

Build Orders: Pool First 

Get SALT Encoding   

  12  0:01  Drone  
  13  0:13  Drone  
  14  0:29  Spawning Pool  
  13  1:06  Hatchery  
  12  1:16  Zergling x4  
  12  1:17  Overlord  
  14  1:22  Extractor  
  13  1:28  Drone  
  14  1:44  Zergling x2  
  15  1:48  Queen  
  15  1:50  Zergling x2  
  18  2:00  Zergling x2  
  19  2:18  Queen  
  19  2:19  Zergling x2  
  22  2:32  Zergling x4  
  23  2:47  Zergling x4  
  23  2:51  Zergling x4  
  24  3:03  Drone, Zergling x2  
  26  3:11  Drone  
  27  3:24  Spine Crawler  
  21  3:36  Drone x2  
  21  3:39  Zergling x2  
  24  3:46  Metabolic Boost  
  24  4:02  Overlord  
  24  4:21  Hatchery  
  23  4:25  Drone  
  23  4:26  Drone  
  23  4:29  Drone  
  26  4:35  Zergling x2  
  26  4:38  Drone  
  28  4:41  Drone  
  29  5:00  Overlord  
  29  5:03  Overlord  
  29  5:31  Zergling x6  
  29  5:33  Hatchery  
  29  5:34  Drone  
  32  5:43  Zergling x6  
  32  5:46  Zergling x2  
  32  5:49  Drone  
  37  5:56  Pneumatized Carapace  
  35  6:07  Spore Crawler  
  27  6:33  Drone x4  
  27  6:38  Drone  
  32  6:56  Lair, Spore Crawler  
  31  7:07  Zergling x6  
  34  7:08  Drone  
  34  7:11  Drone  
  34  7:32  Drone x6  
  34  7:33  Zergling x2  
  41  7:38  Drone  
  35  7:59  Zergling x2  
  35  8:00  Drone, Zergling x2  
  35  8:01  Zergling x6  
  33  8:16  Zergling x4  
  33  8:27  Zergling x2  
  34  8:39  Zergling x2  
  34  8:41  Drone x6  
  39  8:44  Zergling x2  
  42  8:51  Spire  
  42  8:52  Drone x2  
Tags
 
Add a new tag
Caveats
  • Supply blocks, unpowered buildings, or Contaminate may cause inaccurate times.
  • Supply counts are checked every 10 seconds.